 Dungeon Crawl Stone Soup version 0.26.1-11-gd32895ea62 (webtiles) character file.

Game seed: 4406897333447230955

607449 dtburroughs the Executioner (level 26, -3/262 HPs)
             Began as a Minotaur Berserker on July 10, 2021.
             Was an Elder of Trog.
             Killed from afar by a Killer Klown (29 damage)
             ... with a klown pie
             ... on level 5 of the Realm of Zot on July 13, 2021.
             The game lasted 05:09:31 (95987 turns).

dtburroughs the Executioner (Minotaur Berserker)   Turns: 95987, Time: 05:09:32

Health: -3/262     AC: 33    Str: 25 (27) XL:     26   Next: 66%
Magic:  6/6        EV:  2    Int:  7 (10) God:    Trog [****..]
Gold:   8220       SH: 16    Dex: 15 (18) Spells: 25/25 levels left

rFire    + . .     SeeInvis .   a - +8 broad axe of Leracw {antimagic, Will+++ Dex+2}
rCold    + . .     Faith    .   h - +2 buckler {rN+}
rNeg     + + +     Spirit   .   (armour currently unavailable)
rPois    +         Reflect  +   (helmet currently unavailable)
rElec    +         Harm     .   (cloak currently unavailable)
rCorr    +         Rampage  .   (gloves currently unavailable)
Will     +++++     NoTele   +   (boots currently unavailable)
Stlth    +.........             t - amulet of Axyp Tupp {Reflect rElec rC+ Will++ Dex+4 SH+5}
HPRegen  0.53/turn              q - ring "Herua" {rC+ rCorr}
MPRegen  0.10/turn              k - ring "Fiper" {Fire rElec Int+6 Dex-3}

@: tree-form, frozen, vertigo, slightly contaminated, very slow
A: (retaliatory headbutt), agile 1, deterioration 2, dopey 2, frail 3, low mp 1,
subdued magic 2
}: 3/15 runes: decaying, silver, gossamer
a: Renounce Religion, Berserk, Trog's Hand, Brothers in Arms


You were on level 5 of the Realm of Zot.
You worshipped Trog.
Trog was greatly pleased with you.
You were a tree.
You visited 9 branches of the dungeon, and saw 49 of its levels.
You visited 1 bazaar.
You also visited: Trove and Gauntlet.

You collected 11952 gold pieces.
You spent 3732 gold pieces at shops.

Inventory:

Hand Weapons
 a - the +8 broad axe of Leracw (weapon) {antimagic, Will+++ Dex+2}
   (You acquired it on level 1 of the Lair of Beasts)

   It reduces the magical energy of the wielder, and disrupts the spells and
   magical abilities of those hit.
   Natural abilities and divine invocations are not affected.
   It affects your dexterity (+2).
   It affects your willpower, your defense against some magical effects.
 d - the +7 morningstar of Dung {vorpal, rC+ Str+3 SInv}
   (You found it on level 2 of the Spider Nest)

   It inflicts extra damage upon your enemies.
   It affects your strength (+3).
   It protects you from cold.
   It lets you see invisible.
 T - a +9 vorpal broad axe
Armour
 h - a +2 buckler of positive energy (worn)
 x - +5 gold dragon scales (melded)
 K - a +2 pair of gloves (melded)
 U - a +1 hat of see invisible (melded)
 X - a +2 pair of boots (melded)
 Z - the +2 cloak of the Thief (melded) {*Fog Slay-2 SInv Stlth+}
   (You found it in a treasure trove)

   It affects your accuracy and damage with ranged weapons and melee attacks
   (-2).
   It lets you see invisible.
   It makes you more stealthy.
Jewellery
 e - an uncursed ring of stealth
 k - a ring "Fiper" (right branch) {Fire rElec Int+6 Dex-3}
   (You took it off a deep elf high priest on level 2 of the Depths)

   [ring of fire]

   It enhances your fire magic.
   It affects your intelligence (+6).
   It affects your dexterity (-3).
   It protects you from fire.
   It makes you vulnerable to cold.
   It insulates you from electricity.
 l - an uncursed ring of positive energy
 o - an uncursed ring of protection from cold
 q - the ring "Herua" (left branch) {rC+ rCorr}
   (You found it in a Gauntlet)

   [ring of resist corrosion]

   It protects you from cold.
   It provides partial protection from all sources of acid and corrosion.
 t - the amulet of Axyp Tupp (around neck) {Reflect rElec rC+ Will++ Dex+4 SH+5}
   (You found it in a Gauntlet)

   [amulet of reflection]

   It shields you and reflects attacks.
   It affects your dexterity (+4).
   It protects you from cold.
   It insulates you from electricity.
   It affects your willpower, your defense against some magical effects.
   It affects your SH (+5).
Wands
 b - a wand of disintegration (32)
 p - a wand of enslavement (8)
 s - a wand of random effects (95)
 v - a wand of flame (113)
 B - a wand of digging (15)
 E - a wand of polymorph (7)
 P - a wand of paralysis (8)
 S - a wand of iceblast (26)
Scrolls
 c - 4 scrolls of identify
 i - 16 scrolls of teleportation
 m - 10 scrolls of magic mapping
 n - a scroll of immolation
 w - a scroll of acquirement
 y - 5 scrolls of remove curse
 A - 13 scrolls of fog
 D - a scroll of blinking
 G - 2 scrolls of silence
 I - 10 scrolls of fear
 L - a scroll of holy word
 O - a scroll of enchant armour
Potions
 f - 5 potions of curing
 g - 2 potions of flight
 j - 4 potions of lignification
 r - 2 potions of resistance
 u - 7 potions of haste
 z - 6 potions of ambrosia
 H - 9 potions of cancellation
 N - a potion of magic
 Q - 4 potions of invisibility
 R - 5 potions of might
 W - 3 potions of mutation
Miscellaneous
 C - a phantom mirror (inert)
 F - a condenser vane
 J - a lightning rod (4/4)
 M - a tin of tremorstones (2/2)
 V - a phial of floods (inert)
 Y - a box of beasts


   Skills:
 + Level 23.2 Fighting
 + Level 23.3 Axes
 + Level 23.1 Armour
 + Level 21.6 Dodging
 + Level 20.1 Shields
 + Level 18.2 Evocations


You had 25 spell levels left.
You didn't know any spells.
Your spell library was empty.

Dungeon Overview and Level Annotations

Branches:
Dungeon (15/15)            Temple (0/1) D:4            Lair (6/6) D:8
  Swamp (4/4) Lair:2       Spider (4/4) Lair:3        Slime (0/5) Lair:6
    Orc (2/2) D:9             Elf (3/3) Orc:2        Vaults (5/5) D:14
  Crypt (0/3) Vaults:3     Depths (5/5) D:15            Zot (5/5) Depths:5
Gauntlet (visited)

Altars:
Cheibriados
Elyvilon
Fedhas
Gozag
Hepliaklqana
Kikubaaqudgha
Nemelex Xobeh
Okawaru
Vehumet
Wu Jian
Xom
Yredelemnul
The Shining One
Beogh
Jiyva

Shops:
D:4 !   D:9 }   Orc:1 =   Orc:2 ([!(   Elf:1 =}}   Elf:2 *   Vaults:1 ([(}(
Vaults:3 *   Depths:5 =!

Portals:
Hell: Depths:1 Depths:2 Depths:3 Depths:4 Depths:5
Abyss: Depths:1 Depths:2 Depths:4
Pandemonium: Depths:1 Depths:3 Depths:5
Ziggurat: Depths:4

Annotations:
D:7 1 runed translucent door, jlumianski's ghost, novice GnWr
Lair:5 3 runed translucent doors, Caath's ghost, journeyman DrFi
Vaults:2 2 transporters
Depths:2 3 runed translucent doors


Innate Abilities, Weirdness & Mutations

((You reflexively headbutt those who attack you in melee.))
((You have a pair of horns on your head.))
You are agile. (Dex +2)
Your body often deteriorates upon taking damage.
You are very dopey. (Int -4)
((Your flesh is very heat resistant. (rF++)))
You are extremely frail. (-30% HP)
Your magical capacity is low. (-10% MP)
((Your system is resistant to poisons. (rPois)))
((You are often teleported next to monsters.))
Your spells are easier to cast, but less powerful.


Message History

The Killer Klown pies you viciously! The klown pie hits you!
Plum!
You feel light-headed.
* * * LOW HITPOINT WARNING * * *
You block the Orb Guardian's attack. The rime drake breathes ice at you.
The flash freeze hits you but does no damage.
You are encased in ice.
The Killer Klown blinks!
The red draconian scorcher enters a dispersal trap!
The Orb Guardian blinks!
The lindwurm blinks!
The white draconian stormcaller blinks!
The komodo dragon blinks!
The rime drake blinks!
The orb of fire blinks!
The Orb Guardian blinks! x2
The swamp drake blinks!
The Killer Klown blinks!
The red draconian scorcher blinks!
You cannot teleport because you are held in place by your roots.
You feel better. You block the Orb Guardian's attack.
The Killer Klown pies you viciously! The klown pie hits you!!
Plum!
You feel your light-headedness will last longer.
You die...

...........## ##.≈≈≈...........^
...........# ##.§)≈≈............
........8.## #^..≈≈≈............
..........# #.§≈§≈§.(..........
..........## #...§§^...^........
...........# #.Xp..§l...........
...........## #.*.kX.............
............###.......k......)...
##########...###♣X§.......X......
##....##...[..^.*.......
###..^^.....q.*.......#
#▓▓▓▓▓▓▓▓▓▓▓##d....▓▓
........^....▓ ..............
.............. ..............
..............


You could see an orb of fire (waterlogged), a Killer Klown, 3 Orb Guardians, a
red draconian scorcher, a lindwurm (summoned), a komodo dragon (summoned) and a
swamp drake (summoned).

Vanquished Creatures
  3 orbs of fire
  6 ancient liches
  A Killer Klown (Zot:4)
  Bai Suzhen (Swamp:3)
  the Lernaean hydra (Swamp:4)
  5 curse toes
  10 golden dragons
  An electric golem (Zot:4)
  18 tentacled monstrosities
  14 Orb Guardians
  Jorgrun (D:13)
  A lich (Vaults:5)
  Asterion (Vaults:2)
  7 quicksilver dragons
  5 titans
  A deep elf blademaster (Elf:2)
  2 sphinxes
  Frances (D:12)
  10 death cobs
  20 storm dragons
  9 shadow dragons
  2 thorn hunters (Swamp:1)
  15 fire giants
  4 tengu reavers (Vaults:5)
  2 orc warlords
  11 frost giants
  3 draconian knights
  15 deep elf sorcerers
  A draconian monk (Zot:2)
  Aizul (Spider:1)
  2 iron dragons
  5 emperor scorpions
  10 vault wardens
  2 draconian scorchers (Depths:5)
  3 balrugs
  3 draconian shifters
  A ghoul (Vaults:2)
  3 deep elf elementalists
  6 ghost moths
  4 spriggan defenders (Depths:3)
  2 draconian stormcallers
  14 ironheart preservers
  18 very ugly things
  29 stone giants
  8 deep elf annihilators
  3 red draconians
  4 vampire knights
  9 white draconians
  6 black draconians
  11 green draconians
  9 yellow draconians
  13 purple draconians
  6 entropy weavers
  4 spark wasps
  5 deep elf demonologists
  Azrael (Spider:1)
  Snorg (Lair:5)
  2 bunyips (Swamp:1)
  An ettin (shapeshifter) (Vaults:5)
  9 fire dragons
  8 ettins
  6 deep elf death magi
  3 eleionomae
  A shambling mangrove (Swamp:4)
  6 deep elf high priests
  Erolcha (D:9)
  6 rakshasas
  6 great orbs of eyes
  17 yaktaur captains
  8 hydras
  Josephine (Spider:1)
  32 vault guards
  14 ice dragons
  A juggernaut simulacrum (Depths:2)
  6 spriggan air magi
  8 boulder beetles
  13 centaur warriors
  A catoblepas (D:12)
  4 death knights
  A merfolk avatar (Lair:6)
  34 two-headed ogres
  23 dancing weapons
  4 ghost crabs
  8 tengu warriors
  11 alligators
  11 death yaks
  12 ogre magi
  9 deep troll earth magi
  6 deep troll shamans
  4 spriggan berserkers
  2 orc high priests (Orc:2)
  A small abomination (Elf:3)
  15 deep elf knights
  2 sun demons (Depths:2)
  Nergalle (D:11)
  An iron troll (Depths:3)
  2 fire crabs (shapeshifter)
  3 unseen horrors
  A glowing orange brain (shapeshifter) (Depths:3)
  A large abomination (Elf:3)
  7 wizards
  4 goliath frogs
  5 flayed ghosts
  A sea snake (shapeshifter) (Elf:3)
  A tengu zombie (Vaults:3)
  A spriggan druid (Swamp:3)
  3 glowing orange brains
  5 phantasmal warriors
  A shadow dragon zombie (Depths:1)
  10 swamp dragons
  4 bog bodies
  16 deep elf archers
  17 deep trolls
  11 harpies
  A lindwurm (Orc:1)
  9 orc knights
  Pikel (D:4)
  An orange crystal statue (Elf:2)
  A wolf spider zombie (D:14)
  14 ironbrand convokers
  7 necromancers
  2 orb spiders (shapeshifter)
  6 orb spiders
  7 orc sorcerers
  24 wolf spiders
  2 oklob plants (Lair:1)
  57 deep elf magi
  2 will-o-the-wisps
  53 ugly things
  2 manticores
  29 moths of wrath
  4 centaur zombies
  A salamander (Depths:1)
  A stone giant skeleton (Depths:2)
  3 cyclopes
  2 rust devils (Depths:5)
  2 elephants (Lair:6)
  4 black mambas
  2 frost giant skeletons
  2 fire giant skeletons (Depths:2)
  10 apocalypse crabs (Zot:3)
  17 vault sentinels
  A black mamba (shapeshifter) (Depths:3)
  2 gargoyles (D:13)
  2 orange demons (Depths:3)
  A cane toad (shapeshifter) (Elf:2)
  12 cane toads
  2 torpor snails
  A yaktaur zombie (Depths:1)
  36 yaktaurs
  A kobold demonologist (D:14)
  4 rime drakes
  9 komodo dragons
  26 demonic crawlers
  3 human skeletons
  12 freezing wraiths
  11 tengu conjurers
  A guardian mummy (Elf:3)
  2 hellwings (Depths:3)
  21 jumping spiders
  3 meliai (Gauntlet)
  5 polar bears
  8 trolls
  3 queen bees (shapeshifter)
  2 raiju (shapeshifter)
  Grinder (D:4)
  3 meliai (shapeshifter)
  5 tyrant leeches
  23 hornets
  A human simulacrum (Vaults:1)
  44 slime creatures
  An ettin zombie (Vaults:1)
  A meliai zombie (D:15)
  4 dream sheep
  13 blink frogs
  A fire giant simulacrum (Vaults:1)
  3 air elementals
  63 redbacks
  4 water elementals
  9 flying skulls (Gauntlet)
  A vampire (D:12)
  A ynoxinul (Depths:5)
  11 spriggans
  26 tarantellas
  A shadow (D:13)
  5 fire elementals
  A human (shapeshifter) (D:15)
  37 yaks
  12 wraiths
  4 wyverns
  A tarantella (shapeshifter) (Vaults:3)
  A golden eye (shapeshifter) (Vaults:2)
  4 basilisks
  A hog (Depths:4)
  A chaos spawn (Depths:5)
  13 vampire mosquitoes
  Edmund (D:4)
  10 wargs
  3 acid dragons
  2 soldier ants (shapeshifter)
  14 swamp worms
  4 hell hounds (Spider:1)
  12 water moccasins
  A floating eye (shapeshifter) (Depths:2)
  A floating eye (Depths:3)
  8 black bears
  4 phantoms
  49 orc warriors
  3 ice beasts
  6 sky beasts
  7 swamp drakes
  42 ogres
  2 eyes of draining
  2 necrophages (D:12)
  3 human zombies
  22 boggarts
  14 wolves
  15 centaurs
  4 lemures (D:3)
  9 big kobolds
  26 bullfrogs
  A water moccasin zombie (D:6)
  4 gnoll sergeants (D:9)
  2 scorpions
  A wyvern skeleton (D:8)
  3 killer bees (D:8)
  8 wights
  A vampire bat (Depths:4)
  An electric eel (Spider:4)
  A lava snake (Lair:4)
  3 howler monkeys (D:8)
  2 bullfrog zombies
  3 jellies
  A quasit (D:11)
  5 bullfrog skeletons
  3 centaur skeletons
  3 hounds
  Crazy Yiuf (D:3)
  22 orc priests
  37 orc wizards
  2 iguanas
  An iron imp (Depths:3)
  2 hell rats (Lair:4)
  Ijyb (D:3)
  15 worker ants
  A hound zombie (D:8)
  A hound skeleton (D:9)
  9 adders
  6 gnolls
  11 river rats (Lair:4)
  3 shadow imps
  4 white imps
  3 ufetubi
  4 oozes
  An adder skeleton (D:6)
  An adder zombie (D:6)
  6 worms
  A dart slug (D:2)
  6 leopard geckos
  145 orcs
  2 ball pythons
  5 giant cockroaches
  9 hobgoblins
  10 jackals
  22 kobolds
  7 quokkas
  3 bats
  4 frilled lizards
  6 goblins
  A jackal skeleton (D:5)
  A leopard gecko skeleton (D:4)
  A leopard gecko zombie (D:8)
  2 quokka skeletons
  11 rats
  A bush (Depths:5)
  2 crawling corpses (Elf:3)
2152 creatures vanquished.

Vanquished Creatures (collateral kills)
  Mara (Depths:4)
  A Killer Klown (Zot:5)
  A caustic shrike (Depths:2)
  Nikola (Swamp:2)
  A deep elf blademaster (Elf:3)
  A deep elf master archer (Elf:3)
  2 Orb Guardians (Zot:5)
  A quicksilver dragon (Depths:2)
  A tengu reaver (Depths:3)
  A deep elf sorcerer (Vaults:5)
  3 fire giants
  An emperor scorpion (Spider:4)
  A reaper (Zot:5)
  A vault warden (Vaults:2)
  An ironheart preserver (Vaults:5)
  4 stone giants
  A spriggan defender (Depths:3)
  A spark wasp (Depths:2)
  A minotaur (Gauntlet)
  An ettin (Vaults:5)
  An eleionoma (Swamp:2)
  A yaktaur captain (Vaults:5)
  A deep elf high priest (Elf:3)
  A great orb of eyes (Depths:4)
  4 hydras
  A death yak (Lair:5)
  A vampire mage (Depths:3)
  A deep troll shaman (Depths:4)
  A deep troll earth mage (Depths:2)
  A deep elf knight (Elf:3)
  A wizard (Vaults:2)
  An ironbrand convoker (Vaults:5)
  2 deep trolls (Depths:2)
  A deep elf archer (Elf:3)
  2 deep elf magi
  2 yaktaurs
  A tengu conjurer (Depths:3)
  A hornet (Depths:3)
  2 polar bears (Lair:6)
  A tyrant leech (Swamp:3)
  5 dream sheep
  A spriggan (Depths:3)
  A yak (shapeshifter) (Depths:3)
  A swamp drake (Swamp:4)
  2 ogres
63 creatures vanquished.

Vanquished Creatures (others)
  An ancient lich (Vaults:5)
  A death cob (Zot:1)
  2 draconian knights
  A draconian shifter (Zot:3)
  A draconian stormcaller (Zot:4)
  A deep elf death mage (Elf:3)
  A spriggan (Swamp:1)
  A deep elf knight (Elf:2)
  An unseen horror (Vaults:1)
  A wizard (Depths:1)
  A swamp dragon (Swamp:4)
  A deep elf mage (Elf:2)
  A yaktaur (Vaults:4)
  A hornet (Swamp:1)
  A swamp drake (Swamp:1)
  A boggart (Depths:4)
  56 bushes
  4 foxfires
  68 fungi
  124 plants
  13 toadstools
  2 withered plants (D:7)
284 creatures vanquished.

Grand Total: 2499 creatures vanquished

Notes
Turn   | Place    | Note
-------+----------+-------------------------------------------
     0 | D:1      | dtburroughs the Minotaur Berserker began the quest for the
                  | Orb.
     0 | D:1      | Reached XP level 1. HP: 19/19 MP: 0/0
   301 | D:1      | Reached XP level 2. HP: 27/27 MP: 1/1
  1404 | D:2      | Reached XP level 3. HP: 18/33 MP: 2/2
  1857 | D:2      | Found a glowing golden altar of the Shining One.
  1957 | D:2      | Found an opulent altar of Gozag.
  2092 | D:2      | Reached ** piety under Trog
  2095 | D:2      | Reached XP level 4. HP: 10/41 MP: 3/3
  2868 | D:3      | Noticed Ijyb
  2883 | D:3      | Killed Ijyb
  3099 | D:3      | Reached XP level 5. HP: 12/47 MP: 4/4
  3809 | D:3      | Found a hazy altar of Hepliaklqana.
  3966 | D:3      | Found a runed translucent door.
  3967 | D:3      | Noticed Crazy Yiuf
  4053 | D:3      | Killed Crazy Yiuf
  4054 | D:3      | Reached skill level 5 in Fighting
  4054 | D:3      | Reached skill level 5 in Axes
  4143 | D:4      | Noticed an ogre
  4143 | D:4      | Noticed a lemure
  4163 | D:4      | Killed an ogre
  4164 | D:4      | Reached XP level 6. HP: 36/56 MP: 5/5
  4190 | D:4      | Noticed Pikel
  4190 | D:4      | Noticed Grinder
  4479 | D:4      | Paralysed by Grinder for 3 turns
  4491 | D:4      | Killed Pikel
  4492 | D:4      | Reached skill level 5 in Armour
  4492 | D:4      | Reached skill level 5 in Dodging
  4492 | D:4      | Reached XP level 7. HP: 42/64 MP: 6/6
  4493 | D:4      | Killed Grinder
  4494 | D:4      | Reached XP level 8. HP: 48/71 MP: 7/7
  4994 | D:4      | Found Uryr's Distillery.
  5003 | D:4      | Bought a potion of heal wounds for 65 gold pieces
  5003 | D:4      | Bought a potion of curing for 39 gold pieces
  5003 | D:4      | Bought a potion of curing for 39 gold pieces
  5140 | D:4      | Found a staircase to the Ecumenical Temple.
  5199 | D:4      | Noticed Edmund
  5218 | D:4      | Killed Edmund
  5546 | D:5      | Entered Level 5 of the Dungeon
  6359 | D:5      | Reached *** piety under Trog
  6726 | D:6      | Reached XP level 9. HP: 77/81 MP: 8/8
  6906 | D:6      | Found an iron altar of Okawaru.
  6910 | D:6      | Found an ornate altar of the Wu Jian Council.
  6919 | D:6      | Found a snail-covered altar of Cheibriados.
  6922 | D:6      | Found a radiant altar of Vehumet.
  6929 | D:6      | Found an ancient bone altar of Kikubaaqudgha.
  7042 | D:6      | Found a blossoming altar of Fedhas.
  7131 | D:6      | Reached skill level 1 in Evocations
  7916 | D:7      | Found a runed translucent door.
  7916 | D:7      | Noticed jlumianski's ghost (novice GnWr)
  8336 | D:7      | You fall into a shaft and drop 2 floors!
  8667 | D:8      | Reached **** piety under Trog
  8737 | D:8      | Reached XP level 10. HP: 89/91 MP: 9/9
  8766 | D:8      | Noticed a two-headed ogre
  8774 | D:8      | Killed a two-headed ogre
  9611 | D:8      | Reached ***** piety under Trog
  9626 | D:8      | Found a staircase to the Lair.
  9834 | D:8      | Found a white marble altar of Elyvilon.
 10029 | D:9      | Reached skill level 10 in Fighting
 10029 | D:9      | Reached skill level 10 in Axes
 10168 | D:9      | Found Axzegium's Gadget Shop.
 10168 | D:9      | Noticed Erolcha
 10184 | D:9      | Killed Erolcha
 10397 | D:9      | Found a staircase to the Orcish Mines.
 10446 | D:9      | Reached skill level 5 in Evocations
 10449 | D:9      | Reached XP level 11. HP: 100/100 MP: 10/10
 10497 | D:9      | Reached skill level 10 in Armour
 10715 | D:10     | Entered Level 10 of the Dungeon
 10916 | D:10     | Killed an unseen horror
 11125 | D:10     | Found a sparkling altar of Nemelex Xobeh.
 11807 | D:9      | Received a gift from Trog
 11883 | Lair:1   | Entered Level 1 of the Lair of Beasts
 12254 | Lair:1   | Noticed an eight-headed hydra
 12268 | Lair:1   | Killed a five-headed hydra
 12489 | Lair:1   | You fall into a shaft and drop 1 floor!
 13060 | Lair:1   | Noticed an oklob plant
 13078 | Lair:1   | Noticed an oklob plant
 13094 | Lair:1   | Killed an oklob plant
 13095 | Lair:1   | Reached skill level 10 in Dodging
 13102 | Lair:1   | Killed an oklob plant
 14481 | Lair:2   | Found a staircase to the Swamp.
 14797 | Lair:2   | Reached XP level 12. HP: 107/110 MP: 11/11
 15772 | Lair:3   | Found a hole to the Spider Nest.
 16510 | Lair:4   | Found a shimmering altar of Xom.
 16550 | Lair:4   | Received a gift from Trog
 16852 | Lair:4   | Noticed a death yak
 16865 | Lair:4   | Killed a death yak
 16924 | Lair:4   | Noticed a death yak
 16940 | Lair:4   | Killed a death yak
 17086 | Lair:4   | Noticed a death yak
 17086 | Lair:4   | Noticed a death yak
 17087 | Lair:4   | Noticed a death yak
 17087 | Lair:4   | Noticed a death yak
 17098 | Lair:4   | Killed a death yak
 17106 | Lair:4   | Killed a death yak
 17113 | Lair:4   | Killed a death yak
 17126 | Lair:4   | Killed a death yak
 18226 | Lair:5   | Reached XP level 13. HP: 115/119 MP: 12/12
 18335 | Lair:5   | Found a runed translucent gate.
 18339 | Lair:5   | Found a runed translucent gate.
 18339 | Lair:5   | Found a runed translucent gate.
 18389 | Lair:5   | Noticed Caath's ghost (journeyman DrFi)
 18453 | Lair:5   | Noticed Snorg
 18470 | Lair:5   | Killed Snorg
 19670 | Lair:6   | Entered Level 6 of the Lair of Beasts
 22023 | Lair:6   | Reached XP level 14. HP: 124/129 MP: 13/13
 22164 | Lair:6   | Found a viscous altar of Jiyva.
 22164 | Lair:6   | Found a staircase to the Slime Pits.
 22450 | Lair:1   | Identified 2 scrolls of acquirement
 22462 | Lair:1   | Acquired 1099 gold pieces
 22466 | Lair:1   | Acquired the +8 broad axe of Leracw {antimagic, Will+++
                  | Dex+2}
 22712 | D:11     | Noticed Nergalle
 22722 | D:11     | Killed Nergalle
 22736 | D:11     | Found a gate leading to a gauntlet.
 22773 | Gauntlet | Entered a Gauntlet
 22773 | Gauntlet | Found a transporter.
 22776 | Gauntlet | Found a transporter.
 22777 | Gauntlet | Found a transporter.
 22781 | Gauntlet | Found a transporter.
 22783 | Gauntlet | Noticed a balrug
 22788 | Gauntlet | Found a transporter.
 22788 | Gauntlet | Found a transporter.
 22790 | Gauntlet | Found a transporter.
 22793 | Gauntlet | Found a transporter.
 22858 | Gauntlet | Found a transporter.
 22860 | Gauntlet | Found a transporter.
 22863 | Gauntlet | Found a transporter.
 22921 | Gauntlet | Found a transporter.
 23153 | Gauntlet | Got a scorched lead ring
 23183 | Gauntlet | Got a scorched lead amulet
 23370 | Gauntlet | Got a crude ring mail
 23429 | D:11     | Identified the ring "Herua" {rC+ rCorr} (You found it in a
                  | Gauntlet)
 23440 | D:11     | Identified the amulet of Axyp Tupp {Reflect rElec rC+
                  | Will++ Dex+4 SH+5} (You found it in a Gauntlet)
 23580 | Lair:1   | Identified the cursed +1 ring mail "Urchosik" {MP+9 Int+2
                  | Dex+2 Slay+2} (You found it in a Gauntlet)
 25284 | D:12     | Noticed Frances
 25292 | D:12     | Killed Frances
 25459 | D:12     | Reached skill level 1 in Shields
 26164 | D:13     | Reached skill level 10 in Evocations
 26678 | D:13     | Noticed Jorgrun
 26682 | D:13     | Killed Jorgrun
 27217 | D:14     | Reached XP level 15. HP: 94/139 MP: 4/14
 28115 | D:14     | Received a gift from Trog
 28167 | D:14     | You fall into a shaft and drop 1 floor!
 28167 | D:15     | Entered Level 15 of the Dungeon
 28197 | D:15     | Noticed a fire giant
 28213 | D:15     | Killed a fire giant
 28589 | D:15     | Reached skill level 5 in Shields
 29162 | D:15     | Found a staircase to the Depths.
 29226 | D:15     | Reached skill level 15 in Fighting
 29249 | D:15     | Reached skill level 15 in Axes
 29254 | D:15     | Found an opulent altar of Gozag.
 29628 | D:14     | Found a gate to the Vaults.
 29917 | Orc:1    | Entered Level 1 of the Orcish Mines
 30490 | Orc:2    | Entered Level 2 of the Orcish Mines
 30695 | Orc:2    | Found a staircase to the Elven Halls.
 30710 | Orc:1    | Found Woci's Jewellery Shoppe.
 30725 | Orc:1    | Reached ****** piety under Trog
 31124 | Orc:2    | Reached skill level 15 in Armour
 31400 | Orc:2    | Noticed an orc warlord
 31402 | Orc:2    | Received a gift from Trog
 31433 | Orc:2    | Killed an orc warlord
 31485 | Orc:2    | Found Naff's Antique Weapon Shop.
 31488 | Orc:2    | Found a roughly hewn altar of Beogh.
 31572 | Orc:2    | Found Vitaf's Antique Armour Boutique.
 31770 | Orc:2    | Found a roughly hewn altar of Beogh.
 31807 | Orc:2    | Found a roughly hewn altar of Beogh.
 31852 | Orc:2    | Found a roughly hewn altar of Beogh.
 31852 | Orc:2    | Found Yja Kiup's Weapon Boutique.
 31968 | Orc:2    | Found a roughly hewn altar of Beogh.
 31980 | Orc:2    | Found Tywoefin's Distillery.
 32031 | Orc:2    | Bought a potion of heal wounds for 70 gold pieces
 32031 | Orc:2    | Bought a potion of curing for 42 gold pieces
 32031 | Orc:2    | Bought a potion of resistance for 140 gold pieces
 32362 | Swamp:1  | Entered Level 1 of the Swamp
 32894 | Swamp:1  | Received a gift from Trog
 32956 | Swamp:1  | Noticed a thorn hunter
 32964 | Swamp:1  | Killed a thorn hunter
 32990 | Swamp:1  | Reached XP level 16. HP: 123/149 MP: 5/15
 33015 | Swamp:1  | Noticed a thorn hunter
 33035 | Swamp:1  | Killed a thorn hunter
 33389 | Swamp:1  | You fall into a shaft and drop 1 floor!
 33584 | Swamp:2  | Noticed Nikola
 33626 | Swamp:2  | Killed Nikola
 35186 | Swamp:3  | Noticed Bai Suzhen
 35198 | Swamp:3  | Killed Bai Suzhen
 35979 | Swamp:4  | Entered Level 4 of the Swamp
 36219 | Swamp:4  | Received a gift from Trog
 36443 | Swamp:4  | Noticed the 27-headed Lernaean hydra
 37078 | Swamp:4  | Killed the 27-headed Lernaean hydra
 37258 | Swamp:4  | Got a decaying rune of Zot
 37789 | Spider:1 | Entered Level 1 of the Spider Nest
 38131 | Spider:1 | Reached XP level 17. HP: 158/158 MP: 5/16
 38162 | Spider:1 | Noticed Aizul
 38171 | Spider:1 | Noticed Josephine
 38183 | Spider:1 | Killed Aizul
 38192 | Spider:1 | Killed Josephine
 38757 | Spider:1 | Noticed Azrael
 38767 | Spider:1 | Killed Azrael
 39031 | Spider:2 | Reached skill level 15 in Dodging
 39251 | Spider:2 | Got a brightly glowing morningstar
 39296 | Spider:2 | Identified the +7 morningstar of Dung {vorpal, rC+ Str+3
                  | SInv} (You found it on level 2 of the Spider Nest)
 39632 | Spider:2 | Received a gift from Trog
 41297 | Spider:3 | Reached skill level 10 in Shields
 42138 | Spider:4 | Entered Level 4 of the Spider Nest
 42728 | Spider:3 | Received a gift from Trog
 45125 | Spider:3 | Reached XP level 18. HP: 60/168 MP: 5/17
 45631 | Spider:4 | Received a gift from Trog
 45689 | Spider:4 | Got a gossamer rune of Zot
 46043 | Vaults:1 | Entered Level 1 of the Vaults
 46059 | Vaults:1 | Got a pair of buzzing gloves
 46073 | Vaults:1 | Identified the cursed -1 pair of gloves of Nirchyug {Harm
                  | rF+} (You found it on level 1 of the Vaults)
 46255 | Vaults:1 | Found Pec Fukk's Weapon Shoppe.
 47205 | Vaults:1 | Received a gift from Trog
 47415 | Vaults:1 | Found Itocro's Antique Weapon Shoppe.
 48136 | Vaults:1 | Found Arinn's Gadget Boutique.
 48204 | Vaults:1 | Found Lorch's Antique Armour Shop.
 48435 | Vaults:1 | Found Yhel's Weapon Shoppe.
 49170 | Vaults:2 | Received a gift from Trog
 50372 | Vaults:2 | Noticed Asterion
 50382 | Vaults:2 | Killed Asterion
 50383 | Vaults:2 | Reached XP level 19. HP: 178/178 MP: 6/18
 50870 | Vaults:2 | Found a transporter.
 50873 | Vaults:2 | Found the +8 Wrath of Trog {antimagic, *Rage}
 50910 | Vaults:2 | Found a transporter.
 51381 | Vaults:3 | Received a gift from Trog
 51395 | Vaults:3 | Got an ancient hand axe {god gift}
 51396 | Vaults:3 | Identified the +8 hand axe "Cotay" {vorpal, rPois rF+ Int+3
                  | Stlth+} (Trog gifted it to you on level 3 of the Vaults)
 52554 | Vaults:3 | Received a gift from Trog
 52654 | Vaults:3 | Found Tyisaisso's Assorted Antiques.
 53253 | Vaults:3 | Found a staircase to the Crypt.
 53253 | Vaults:3 | Found a basalt altar of Yredelemnul.
 53254 | Vaults:3 | Found an ancient bone altar of Kikubaaqudgha.
 54068 | Vaults:4 | Reached XP level 20. HP: 160/189 MP: 6/19
 54087 | Vaults:4 | Received a gift from Trog
 55856 | Vaults:4 | Got a slimy scale mail
 55928 | Vaults:4 | Identified the +6 scale mail of Mezcal {+Fly rF- rCorr}
                  | (You found it on level 4 of the Vaults)
 56864 | Depths:1 | Entered Level 1 of the Depths
 56931 | D:15     | Received a gift from Trog
 56996 | Depths:1 | Found a one-way gate to the infinite horrors of the Abyss.
 57630 | Depths:1 | Found a one-way gate leading to the halls of Pandemonium.
 57982 | Depths:1 | Found a gateway to Hell.
 58578 | Depths:1 | Received a gift from Trog
 58954 | Depths:2 | Found a runed translucent door.
 58958 | Depths:2 | Found a runed translucent door.
 58959 | Depths:2 | Found a runed translucent door.
 59688 | Depths:2 | Reached XP level 21. HP: 183/198 MP: 6/20
 60343 | Depths:2 | Noticed a caustic shrike
 60367 | Depths:2 | Killed a caustic shrike
 60375 | Depths:2 | Identified a ring "Fiper" {Fire rElec Int+6 Dex-3}
 60416 | Depths:2 | Identified the ring of Life {rC+ SInv}
 60604 | Depths:2 | Got a warped iron ring
 60611 | Depths:2 | Identified the ring "Komauh" {Wiz Str+3} (You found it on
                  | level 2 of the Depths)
 60614 | Depths:2 | Identified the ring "Muffiuq" {*Contam rPois rN+ Int+8}
                  | (You found it on level 2 of the Depths)
 61288 | Depths:3 | Paralysed by a floating eye for 2 turns
 61361 | Depths:3 | Reached skill level 15 in Shields
 61741 | Depths:3 | Received a gift from Trog
 61814 | Depths:3 | Identified the cursed +0 quarterstaff of Dafros {chaos, rC+
                  | Int+3}
 62377 | Depths:3 | Reached skill level 15 in Evocations
 62584 | Depths:3 | Received a gift from Trog
 63281 | Depths:4 | Found a runed translucent gate.
 63281 | Depths:4 | Found a runed translucent gate.
 63281 | Depths:4 | Found a runed translucent gate.
 63565 | Depths:4 | Identified the amulet of Mann {RegenMP rF+ rN+}
 63575 | Depths:4 | Noticed Mara
 63580 | Depths:4 | Noticed dtburroughs's illusion
 63597 | Depths:4 | Killed Mara
 63613 | Depths:4 | Reached XP level 22. HP: 181/209 MP: 2/21
 64062 | Depths:4 | Noticed a golden dragon
 64074 | Depths:4 | Killed a golden dragon
 64294 | Depths:4 | Gained mutation: You are clumsy. (Dex -2) [mutagenic glow]
 64321 | Depths:3 | Gained mutation: You are dopey. (Int -2) [mutagenic glow]
 64608 | Depths:4 | Received a gift from Trog
 64662 | Depths:4 | Found a gateway to a ziggurat.
 64938 | Depths:4 | Found a runed translucent gate.
 64938 | Depths:4 | Found a runed translucent gate.
 64938 | Depths:4 | Found a runed translucent gate.
 65006 | Depths:5 | Entered Level 5 of the Depths
 65580 | Depths:4 | Identified the Volume of Transmutation
 66393 | Depths:5 | Found Qehues's Distillery.
 66397 | Depths:5 | Bought 2 potions of curing for 126 gold pieces
 66397 | Depths:5 | Bought a potion of might for 84 gold pieces
 66397 | Depths:5 | Bought a potion of curing for 63 gold pieces
 66397 | Depths:5 | Bought 2 potions of haste for 420 gold pieces
 66700 | Depths:5 | Found a gate to the Realm of Zot.
 67293 | Depths:5 | Received a gift from Trog
 67578 | Depths:5 | Found Gofrioce's Jewellery Boutique.
 68967 | Orc:2    | Bought a faintly humming plate armour for 980 gold pieces
 68971 | Orc:2    | Identified the +7 plate armour "Owaol Zot" {rPois} (You
                  | bought it in a shop on level 2 of the Orcish Mines)
 69956 | Elf:1    | Entered Level 1 of the Elven Halls
 70200 | Elf:1    | Found Ipiedd's Gadget Boutique.
 70204 | Elf:1    | Found Plog's Jewellery Emporium.
 70206 | Elf:1    | Found Nahorr's Gadget Boutique.
 70245 | Elf:1    | You fall into a shaft and drop 1 floor!
 70746 | Elf:2    | Found a runed translucent gate.
 70746 | Elf:2    | Found a runed translucent gate.
 70747 | Elf:2    | Found a runed translucent gate.
 70907 | Elf:2    | Received a gift from Trog
 71474 | Elf:2    | Found a gateway to a bazaar.
 71493 | Bazaar   | Entered a bazaar
 71497 | Bazaar   | Found Winwowom's Jewellery Boutique.
 71519 | Bazaar   | Found Desux's General Store.
 71524 | Bazaar   | Bought a scroll of teleportation for 51 gold pieces
 71524 | Bazaar   | Bought a potion of curing for 51 gold pieces
 71524 | Bazaar   | Bought a potion of heal wounds for 85 gold pieces
 71540 | Bazaar   | Found Moydghal's Book Boutique.
 71560 | Bazaar   | Found Nugulin's General Store.
 71566 | Bazaar   | Bought a potion of heal wounds for 90 gold pieces
 71566 | Bazaar   | Bought a potion of heal wounds for 90 gold pieces
 71612 | Elf:2    | Found Omeomoum's General Store.
 71622 | Elf:2    | Reached XP level 23. HP: 217/217 MP: 7/22
 71639 | Elf:2    | Bought a potion of heal wounds for 55 gold pieces
 72139 | Elf:3    | Entered Level 3 of the Elven Halls
 72296 | Elf:3    | Found a portal to a secret trove of treasure.
 73040 | Elf:3    | Received a gift from Trog
 73201 | Elf:3    | Identified the cursed +0 ring mail of Decompression
                  | {Slay+3}
 73228 | Elf:3    | Identified the +9 bardiche "Difa" {vorpal, rPois rC+++
                  | Str-3 Int-2}
 73772 | Elf:3    | Identified the +10 scimitar of Causality {antimagic, rN+}
 73791 | Elf:3    | Identified the cursed +1 chain mail of Laop {rF+ rC- Str+4
                  | Dex+3}
 74528 | Elf:3    | Identified the +8 hand axe of Esoynipt {pain, rElec Int+2
                  | Dex+3} (You found it on level 3 of the Elven Halls)
 75592 | Elf:3    | You paid a toll of a +7 demon whip to enter a treasure
                  | trove
 75593 | Trove    | Entered a treasure trove
 75599 | Trove    | Found the +2 cloak of the Thief {*Fog Slay-2 SInv Stlth+}
 75601 | Trove    | Got an ancient turquoise ring
 75628 | Trove    | Identified the ring of the Saving Seeker {Dex+3 Slay+4}
                  | (You found it in a treasure trove)
 76237 | Depths:5 | Bought the amulet of Cijolul {Faith rF+} for 1242 gold
                  | pieces
 76960 | Vaults:5 | Entered Level 5 of the Vaults
 76961 | Vaults:5 | Noticed an ancient lich
 76964 | Vaults:5 | Noticed an ancient lich
 77244 | Vaults:5 | Killed an ancient lich
 77255 | Vaults:5 | Killed an ancient lich
 77255 | Vaults:5 | Received a gift from Trog
 77395 | Vaults:5 | Identified the ring of Amelioration {Will+ AC+4}
 77586 | Vaults:5 | Noticed an ancient lich
 77598 | Vaults:5 | Killed an ancient lich
 78109 | Vaults:5 | Reached XP level 24. HP: 228/228 MP: 7/22
 78256 | Vaults:5 | Got a pair of faintly humming boots
 78261 | Vaults:5 | Identified the +2 pair of boots "Lutoeh" {*Slow rPois rC+}
                  | (You found it on level 5 of the Vaults)
 78816 | Vaults:5 | Identified the cursed +0 flail of Anguish {speed, +Fly
                  | Str-5 Dex+6}
 79187 | Vaults:5 | Received a gift from Trog
 79188 | Vaults:5 | Noticed an ancient lich
 79193 | Vaults:5 | Killed an ancient lich
 80518 | Vaults:5 | Got a silver rune of Zot
 81303 | Lair:1   | Acquired 1252 gold pieces
 81639 | Zot:1    | Entered Level 1 of the Realm of Zot
 84032 | Zot:2    | Reached XP level 25. HP: 237/237 MP: 7/22
 87952 | Zot:3    | Paralysed by you for 5 turns
 88000 | Zot:3    | Paralysed by you for 6 turns
 88324 | Zot:3    | Paralysed by you for 2 turns
 88407 | Zot:3    | Paralysed by you for 2 turns
 88915 | Zot:3    | Identified Joinut's Catalogue of the Creative Snowflakes
 91451 | Zot:5    | Entered Level 5 of the Realm of Zot
 91511 | Zot:5    | Received a gift from Trog
 91913 | Zot:5    | Reached XP level 26. HP: 237/248 MP: 7/22
 92673 | Zot:5    | Noticed an ancient lich
 92688 | Zot:5    | Noticed an orb of fire
 92693 | Zot:5    | Noticed an orb of fire
 92694 | Zot:5    | Noticed an orb of fire
 92696 | Zot:5    | Gained mutation: Your body sometimes deteriorates upon
                  | taking damage. [an orb of fire]
 92697 | Zot:5    | Gained mutation: You are occasionally teleported next to
                  | monsters. [an orb of fire]
 92985 | Zot:5    | Noticed an orb of fire
 92996 | Zot:5    | Gained mutation: You are sometimes teleported next to
                  | monsters. [an orb of fire]
 93003 | Zot:4    | Gained mutation: You tend to lose your temper in combat.
                  | [an orb of fire]
 93010 | Zot:4    | Gained mutation: You are very dopey. (Int -4) [an orb of
                  | fire]
 93029 | Zot:4    | Gained mutation: Armour fits poorly on your strangely
                  | shaped body. [an orb of fire]
 93534 | Zot:3    | Lost mutation: You are very dopey. (Int -4) [potion of
                  | mutation]
 93534 | Zot:3    | Gained mutation: Your flesh is heat resistant. (rF+)
                  | [potion of mutation]
 93535 | Zot:3    | Lost mutation: Armour fits poorly on your strangely shaped
                  | body. [potion of mutation]
 93535 | Zot:3    | Gained mutation: You have large cloven feet. [potion of
                  | mutation]
 93535 | Zot:3    | Gained mutation: Your flesh is very heat resistant. (rF++)
                  | [potion of mutation]
 93689 | Zot:4    | Gained mutation: Your magical capacity is low. (-10% MP)
                  | [an orb of fire]
 93698 | Zot:4    | Gained mutation: Your spells are a little easier to cast,
                  | but a little less powerful. [an orb of fire]
 93713 | Zot:4    | Killed an orb of fire
 93956 | Zot:5    | Gained mutation: You are often teleported next to monsters.
                  | [an orb of fire]
 94231 | Zot:4    | Lost mutation: You are clumsy. (Dex -2) [potion of
                  | mutation]
 94231 | Zot:4    | Lost mutation: You have large cloven feet. [potion of
                  | mutation]
 94231 | Zot:4    | Lost mutation: You tend to lose your temper in combat.
                  | [potion of mutation]
 94231 | Zot:4    | Lost mutation: Your body sometimes deteriorates upon taking
                  | damage. [potion of mutation]
 94231 | Zot:4    | Gained mutation: You are agile. (Dex +2) [potion of
                  | mutation]
 94231 | Zot:4    | Gained mutation: Your system is resistant to poisons.
                  | (rPois) [potion of mutation]
 94231 | Zot:4    | Gained mutation: You are robust. (+10% HP) [potion of
                  | mutation]
 94907 | Zot:5    | Noticed an ancient lich
 94907 | Zot:5    | Noticed an ancient lich
 95053 | Zot:5    | Killed an ancient lich
 95107 | Zot:5    | Killed an ancient lich
 95273 | Zot:5    | Lost mutation: You are robust. (+10% HP) [an orb of fire]
 95307 | Zot:4    | Killed an orb of fire
 95922 | Zot:5    | Gained mutation: Your body sometimes deteriorates upon
                  | taking damage. [an orb of fire]
 95924 | Zot:5    | Noticed an orb of fire
 95930 | Zot:5    | Gained mutation: You are very dopey. (Int -4) [an orb of
                  | fire]
 95938 | Zot:5    | Gained mutation: You are frail. (-10% HP) [an orb of fire]
 95938 | Zot:5    | Gained mutation: You are very frail. (-20% HP) [an orb of
                  | fire]
 95942 | Zot:5    | Gained mutation: You are extremely frail. (-30% HP)
                  | [mutagenic glow]
 95943 | Zot:5    | Killed an ancient lich
 95958 | Zot:5    | Gained mutation: Your body often deteriorates upon taking
                  | damage. [an orb of fire]
 95962 | Zot:5    | Killed an orb of fire
 95983 | Zot:5    | Gained mutation: Your spells are easier to cast, but less
                  | powerful. [an orb of fire]
 95987 | Zot:5    | Killed from afar by a Killer Klown

Illustrated notes

Levels and vault maps discovered:
D:1:      saegor_arrival_simple_a, layout_basic, minmay_tromino_mix6
D:2:      layout_basic, general_overflow_altar, hex_large, tso_altar
D:3:      layout_rooms, nzn_hepliaklqana_mist_gate, uniq_ijyb,
          uniq_crazy_yiuf_cottage
D:4:      layout_basic, minmay_temple_entry_trees, serial_shops,
          nicolae_shop_trees, grunt_tough_drop, uniq_grinder, uniq_edmund,
          uniq_pikel
D:5:      layout_basic, serial_corexii_hall, chequers_hall_statues_wall_a,
          corexii_hall_statues_s, minmay_gold_behind_fungi, minivault_14,
          minivault_11
D:6:      layout_loops_corners, fedhas_altar_2, minmay_overflow_temple_star_hex
D:7:      layout_gridville, gammafunk_ghost_grave
D:8:      layout_rooms, elyvilon_altar_5, due_lair_maze_entry_diamond,
          kennysheep_generic_room_6
D:9:      layout_basic, kennysheep_orc_monster_closet_entryway, serial_shops,
          nicolae_shop_statue_plus, serial_bayou_pond_e, serial_bayou_pond_d,
          due_unseen_surprise, uniq_erolcha
D:10:     layout_basic, nemelex_altar_shiori
D:11:     layout_rooms, gauntlet_entry_generic, uniq_nergalle
D:12:     layout_basic, uniq_frances
D:13:     layout_irregular_city, abandoned_shop, kennysheep_generic_room_11,
          uniq_jorgrun
D:14:     layout_rooms, david_vaults_2, fountainhead,
          chequers_serial_rivers_marsh
D:15:     grunt_enter_depths_giant_problem, layout_rooms,
          chequers_hall_statues_corner_a, minmay_misc_feat_roman,
          nicolae_gozag_seed_capital
Lair:1:   layout_cave_pods, serial_forest, infiniplex_forest_clump_cross,
          infiniplex_forest_lined_room_2, infiniplex_forest_clump_large,
          infiniplex_forest_split, fungi_pond_lemuel, minmay_lair_oklob_chamber
Lair:2:   layout_long_grid, swamp_mist, minivault_26
Lair:3:   layout_regular_city, nicolae_spider_entry_orb_guardian,
          grunt_megastairs_2
Lair:4:   layout_gridlike, basic_altar, kennysheep_rathole
Lair:5:   layout_loops_ring, gammafunk_ghost_split, portal_ice_cave_rime,
          columned_hall_lemuel, uniq_snorg
Lair:6:   gammafunk_lair_ancient_temple, layout_small_grid,
          dpeg_slime_entry_enclosed_altar, infiniplex_staircase_pool,
          serial_bayou_shore_a, lemuel_fruit_tree
Swamp:1:  cheibrodos_swamp_tower_of_moss, layout_basic_swamp, serial_swamp_ruin,
          evilmike_swamp_ruin_house_3, evilmike_swamp_ruin_house_6,
          evilmike_swamp_ruin_house_2
Swamp:2:  layout_basic_swamp, hangedman_swamp_ruin_wall, uniq_nikola
Swamp:3:  layout_basic_swamp, evilmike_swamp_ruin_house_5, hangedman_swamp_cone,
          uniq_bai_suzhen
Swamp:4:  swamp_old_school, layout_basic_swamp, swamp_pool5
Spider:1: layout_chambers, uniq_josephine, uniq_azrael, uniq_aizul
Spider:2: layout_spider_delve, hangedman_spider_tarantella_strand
Spider:3: layout_chambers, worms_lemuel
Spider:4: grunt_spider_rune_circles
Orc:1:    layout_caves, nicolae_volcano_entry_vermiform,
          minmay_shop_enchanted_jewellery, nooodl_orcs_dogs
Orc:2:    grunt_orc_community_town_hall, layout_diamond_mine,
          grunt_orc_community_big_house_1, grunt_orc_community_big_house_2,
          grunt_orc_community_house_3, grunt_orc_community_house_1,
          grunt_orc_community_house_2, grunt_orc_community_house_1
Elf:1:    layout_geoelf_grid, mu_enter_wizlab_3, minivault_28, minmay_shop_grove
Elf:2:    layout_rooms, serial_shops, statue_bzr, minmay_shop_star
Elf:3:    minmay_elf_hall_spiked, layout_geoelf_octagon,
          nicolae_trove_entry_path_of_doom
Vaults:1: v_rooms_2, nicolae_vaults_puzzle_piece, vaults_room_ringed_pool,
          v_alt_pattern_2, vaults_room_semicircle, v_misc_3, st_cells,
          layout_vaults_omnigrid, serial_shops, shop, shop_statue,
          nicolae_shop_stone, nicolae_shop_waterfront, shop
Vaults:2: v_misc_18, gammafunk_dig_for_victory, hangedman_vaults_stream,
          v_misc_25, vaults_standard_mumra_lines, v_pattern_5,
          grunt_vaults_diagonal, nicolae_vaults_shelves_hall,
          layout_vaults_big_cross, uniq_asterion
Vaults:3: v_misc_5, hangedman_vaults_variations,
          nicolae_vaults_twisting_passages, nicolae_vaults_rhombus_7, v_misc_29,
          minmay_crypt_entry_necro_gods, hangedman_vaults_hat,
          hangedman_vaults_nodes, layout_vaults_chaotic_city, serial_shops, shop
Vaults:4: vaults_standard_mumra_enter_the_diamond,
          nicolae_vaults_network_periphery, v_misc_22, vaults_dpeg_hooks,
          v_misc_10, nicolae_vaults_three_branches, ontoclasm_vaults_chip,
          nicolae_vaults_inception_network, v_misc_26, v_misc_15, v_misc_22,
          nicolae_vaults_little_squares_3, layout_vaults_maze
Vaults:5
Depths:1: layout_long_grid, pf_coc_iceberg, pan_entry, abyss_entry,
          kennysheep_diamond, st_stairs_5, small_chamber_with_monster,
          serial_bayou_pond_a, hangedman_decor_push, kennysheep_generic_room_7
Depths:2: minmay_the_grid_triangle_9x9_recursive_2
          [minmay_the_grid_triangle_9x9_prize_special,
          minmay_the_grid_triangle_9x9_descending_squares,
          minmay_the_grid_triangle_9x9_fully_insulated_deathbox,
          minmay_the_grid_triangle_9x9_warning], layout_honeycomb,
          lightli_too_deep, abyss_entry, minmay_staircase_bubble,
          serial_bayou_shore_b, serial_bayou_shore_b
Depths:3: hangedman_stitches_corridor, layout_basic, grunt_hell_entry_dis_grunt,
          hex_medium, rand_demon_pan_entry_7, minivault_21, grunt_decor_clamped
Depths:4: kennysheep_treasure_stockpile, layout_gridlike, enter_ziggurat_d,
          hell_entry, abyss_entry, minmay_crystal_water,
          minmay_tree_intersection, chequers_serial_rivers_micro_c,
          hangedman_research_metamorphosis, uniq_mara
Depths:5: grunt_zot_entry_pinwheel, layout_twisted_cross, hell_entry,
          minmay_hedge_maze, serial_shops, nicolae_shop_statue_plus,
          nicolae_shop_stone, rand_demon_pan_entry_8, minmay_misc_feat_ornament,
          grunt_ministairs_6
Zot:1:    layout_gridlike, zot_minivault_5
Zot:2:    layout_cathedral_of_symmetry
Zot:3:    gammafunk_mikee_crab_dinner, layout_gridlike
Zot:4:    layout_basic, st_single_dragon_hoard_2, grunt_megastairs_5
Zot:5:    layout_misc_corridors, st_stairs_7

Skill      XL: |  1  2  3  4  5  6  7  8  9 10 11 12 13 14 15 16 17 18 19 20 21 22 23 24 25 26 |
---------------+-------------------------------------------------------------------------------+-----
Axes           | 4 5 6 7 9 10 11 12 13 14 15 16 17 18 19 20 21 22 23 | 23.3
Fighting       | 4 5 6 7 9 10 11 12 13 14 15 16 17 18 19 20 21 22 23 | 23.2
Armour         | 3 4 5 6 7 8 9 11 12 13 14 15 16 17 18 19 20 21 22 23 | 23.1
Dodging        | 3 4 5 6 7 9 10 11 12 13 14 15 16 17 18 19 20 21 | 21.6
Evocations     | 3 5 6 7 9 10 11 12 13 14 15 16 17 18 | 18.2
Shields        | 3 6 9 10 12 13 14 15 16 17 18 19 20 | 20.1

Action                   |  1- 3 |  4- 6 |  7- 9 | 10-12 | 13-15 | 16-18 | 19-21 | 22-24 | 25-27 || total
-------------------------+-------+-------+-------+-------+-------+-------+-------+-------+-------++-------
Melee: Hand axe          |    75 |   153 |     4 |       |       |       |       |       |       ||   232
       Headbutt          |    11 |    29 |    62 |    90 |   293 |   459 |   527 |   595 |   328 ||  2394
       War axe           |       |       |   373 |   180 |       |       |       |       |       ||   553
       Morningstar       |       |       |    13 |       |       |    52 |       |    22 |       ||    87
       Battleaxe         |       |       |       |   343 |   250 |       |       |       |       ||   593
       Broad axe         |       |       |       |       |   935 |  1519 |  1639 |  1763 |   984 ||  6840
Invok: Trog's Hand       |       |     5 |    10 |     9 |    10 |    17 |     9 |    19 |     8 ||    87
       Berserk           |       |     2 |     1 |       |     2 |       |     2 |       |       ||     7
       Brothers in Arms  |       |       |       |     2 |     6 |     7 |     6 |     4 |     4 ||    29
 Abil: Evoke Invisibilit |       |       |       |       |     1 |       |       |       |       ||     1
Evoke: Wand              |       |       |       |     9 |    19 |    38 |     2 |     6 |     1 ||    75
       Lightning rod     |       |       |       |       |       |       |       |     2 |     1 ||     3
       Phantom mirror    |       |       |       |       |       |       |       |     1 |     3 ||     4
       Box of beasts     |       |       |       |       |       |       |       |     1 |     1 ||     2
       Condenser vane    |       |       |       |       |       |       |       |     1 |       ||     1
       Phial of floods   |       |       |       |       |       |       |       |       |     1 ||     1
  Use: Scroll            |       |       |     9 |     4 |    25 |    10 |    20 |    16 |    12 ||    96
       Potion            |       |       |       |     2 |     6 |     9 |     2 |    15 |    22 ||    56
 Stab: Sleeping          |     1 |       |       |       |       |       |       |       |       ||     1
       Invisible         |       |       |       |       |     2 |       |       |       |       ||     2
       Petrified         |       |       |       |       |     3 |       |       |       |       ||     3
       Paralysed         |       |       |       |       |     3 |     8 |       |       |     1 ||    12
       Confused          |       |       |       |       |     1 |       |       |     2 |       ||     3
       Distracted        |       |       |       |       |       |     3 |     2 |     4 |     1 ||    10
Armor: Animal skin       |    10 |     5 |       |       |       |       |       |       |       ||    15
       Chain mail        |       |    47 |   175 |   212 |   140 |       |       |       |       ||   574
       Gold dragon scale |       |       |       |       |   385 |  1253 |   608 |   663 |   499 ||  3408
       Skin              |       |       |       |       |       |       |       |       |     1 ||     1
Dodge: Dodged            |    46 |    73 |   191 |   340 |   559 |   902 |   594 |   600 |   483 ||  3788
Block: Other             |       |       |    51 |   116 |    63 |       |       |       |       ||   230
       Reflection        |       |       |     1 |     4 |    40 |    36 |   110 |    65 |     6 ||   262
       Buckler           |       |       |       |    22 |   568 |  1429 |  1079 |   910 |   594 ||  4602
